 Dungeon Crawl Stone Soup version 0.28-a0-691-gad6df49e81 (webtiles) character file.

Game seed: 4003674141366401116

359 avis the Chopper (level 6, -1/60 HPs)
             Began as a Hill Orc Monk on Oct 20, 2021.
             Was a Follower of Beogh.
             Succumbed to a hornet's poison
             ... on level 7 of the Dungeon on Oct 21, 2021.
             The game lasted 00:12:48 (3980 turns).

avis the Chopper (Hill Orc Monk)                    Turns: 3980, Time: 00:12:49

Health: -1/60      AC: 12    Str: 15 (16) XL:     6   Next: 65%
Magic:  3/6        EV:  6    Int:  9 (10) God:    Beogh [*.....]
Gold:   198        SH:  0    Dex: 10 (13) Spells: 5/5 levels left

rFire   + . .      SeeInvis .   a - +0 hand axe
rCold   + . .      Faith    .   (no shield)
rNeg    . . .      Spirit   .   r - +0 chain mail
rPois   +          Reflect  .   v - +2 helmet
rElec   .          Harm     .   t - scarf {rC+ rF+}
rCorr   .          Rampage  .   (no gloves)
Will    .....                   d - +0 pair of boots
Stlth   ..........              (no amulet)
HPRegen 0.20/turn               p - ring of poison resistance
MPRegen 0.10/turn               (no ring)

@: lethally poisoned (-1 -> -13)
A: no striking features
a: Renounce Religion


You were on level 7 of the Dungeon.
You worshipped Beogh.
Beogh was aware of your devotion.
You visited 1 branch of the dungeon, and saw 5 of its levels.

You collected 198 gold pieces.

Inventory:

Hand Weapons
 a - a +0 hand axe (weapon)
 i - a +0 hunting sling
Missiles
 b - 82 bolts
 e - 2 boomerangs
 l - 33 sling bullets
 o - 131 stones (quivered)
Armour
 d - a +0 pair of boots (worn)
 r - a +0 chain mail (worn)
 t - a scarf of resistance (worn)
 v - a +2 helmet (worn)
Jewellery
 p - a ring of poison resistance (left hand)
Scrolls
 c - 2 scrolls of noise {unknown}
 h - a scroll of blinking {unknown}
 j - a scroll of identify {unknown}
 k - a scroll of enchant weapon {unknown}
 s - a scroll of fog {unknown}
 u - a scroll of immolation {unknown}
Potions
 f - a potion of invisibility {unknown}
 g - a potion of degeneration
 m - a potion of lignification {unknown}
 n - a potion of curing {unknown}
 q - 2 potions of berserk rage


   Skills:
 - Level 7.0 Fighting
 * Level 7.0 Axes
 - Level 2.4 Dodging
 - Level 1.5 Stealth


You had 5 spell levels left.
You didn't know any spells.
Your spell library contained the following spells:

 Spells                   Type           Power      Damage    Failure   Level
 Foxfire                  Conj/Fire      0%         2x1d4     100%        1
 Corpse Rot               Necr/Air       0%         N/A       100%        2
 Passwall                 Tmut/Erth      0%         N/A       100%        2
 Poisonous Vapours        Pois/Air       0%         N/A       100%        2
 Conjure Flame            Conj/Fire      0%         6-21      100%        3
 Dazzling Flash           Conj/Hex       0%         N/A       100%        3
 Inner Flame              Hex/Fire       0%         N/A       100%        3
 Swiftness                Air            0%         N/A       100%        3
 Flame Wave               Conj/Fire      0%         3d3       100%        4
 Agony                    Necr           0%         N/A       100%        5
 Silence                  Hex/Air        0%         N/A       100%        5
 Invisibility             Hex            0%         N/A       100%        6


Dungeon Overview and Level Annotations

Branches:
Dungeon (4/15)
 Temple: D:4-7

Altars:
Zin


Message History

You hit the hornet but do no damage.
The hornet stings you but does no damage.
The hornet closely misses you.
You closely miss the hornet.
The hornet stings you but does no damage.
The hornet barely misses you.
You miss the hornet.
You feel yourself speed up. The hornet completely misses you.
The hornet stings you but does no damage.
You barely miss the hornet.
The hornet stings you but does no damage.
You closely miss the hornet. The hornet stings you. x2
* * * LOW HITPOINT WARNING * * *
Aiming: Smiting
Press: ? - help, Dir - move target, f - hornet Smite: a hornet You smite the hornet!
The hornet is moderately wounded.
You can no longer smite your foes.
The hornet stings you but does no damage.
You miss the hornet.
The hornet is moderately wounded.
The hornet barely misses you.
The hornet stings you but does no damage.
You hit the hornet but do no damage.
The hornet is moderately wounded.
The hornet stings you!
* * * LOW HITPOINT WARNING * * *
You slash the hornet!
The hornet is heavily wounded.
The hornet barely misses you.
The orc wizard closely misses the hornet.
The hornet stings you.
* * * LOW HITPOINT WARNING * * *
You are lethally poisoned!
It was a potion of degeneration.
There was something very wrong with that liquid.
You feel weakened.
You feel dopey.
You feel clumsy.
You die...

############
#.......o..####
#.............#
+.......o.....+
#......y......#
#......@...####
#......#####
#......########
................
##.........)....
#..............
#.............>
#..............
#..............


You could see a hornet, a neutral orc priest (wandering) and a neutral orc
wizard (wandering).

Vanquished Creatures
  An ogre (D:4)
  A bullfrog (D:2)
  2 iguanas (D:4)
  A hound skeleton (D:4)
  7 adders
  A white imp (D:7)
  A worm (D:2)
  A dart slug (D:2)
  An orc (D:7)
  9 endoplasms
  5 giant cockroaches
  7 goblins
  7 hobgoblins
  2 jackals (D:1)
  3 quokkas
  8 ball pythons
  8 bats
  7 frilled lizards
  3 kobolds
  3 rats
78 creatures vanquished.

Notes
Turn   | Place    | Note
-------+----------+-------------------------------------------
     0 | D:1      | avis the Hill Orc Monk began the quest for the Orb.
     0 | D:1      | Reached XP level 1. HP: 19/19 MP: 1/1
   203 | D:1      | Reached XP level 2. HP: 26/26 MP: 2/2
   285 | D:1      | Reached skill level 5 in Axes
   581 | D:1      | Reached XP level 3. HP: 33/33 MP: 3/3
  1410 | D:2      | Found a glowing silver altar of Zin.
  1505 | D:2      | Reached skill level 5 in Fighting
  1505 | D:2      | Reached XP level 4. HP: 27/42 MP: 4/4
  1937 | D:2      | Found a faded altar of an unknown god.
  2306 | D:3      | Noticed a bullfrog
  2325 | D:2      | Killed a bullfrog
  2326 | D:2      | Reached XP level 5. HP: 35/50 MP: 5/5
  3165 | D:4      | Noticed an ogre
  3173 | D:4      | Killed an ogre
  3174 | D:4      | Reached XP level 6. HP: 26/57 MP: 6/6
  3920 | D:4      | You fall into a shaft and drop 3 floors!
  3944 | D:7      | Became a worshipper of Beogh the Brigand
  3944 | D:7      | Reached * piety under Beogh
  3944 | D:7      | Reached ** piety under Beogh
  3959 | D:7      | Noticed a hornet
  3978 | D:7      | HP: 3/60 [hornet (12)]
  3979 | D:7      | HP: 1/60 [hornet (2)]
  3980 | D:7      | Succumbed to a hornet's poison

Illustrated notes

Levels and vault maps discovered:
D:1:      dpeg_arrival_stone_temple_mockup, layout_basic, minivault_23,
          minmay_curled_crystal
D:2:      layout_basic, basic_ecumenical_altar, basic_altar, st_stairs_9
D:3:      layout_basic
D:4:      layout_loops_ring
D:7:      layout_basic, mainiacjoe_overflow_cross_hatched

Skill      XL: |  1  2  3  4  5  6 |
---------------+-------------------+-----
Axes           | 5 6 7 |  7.0
Fighting       | 4 5 6 7 |  7.0
Dodging        | |  2.4
Stealth        | |  1.5

Action                   |  1- 3 |  4- 6 || total
-------------------------+-------+-------++-------
Melee: Hand axe          |   118 |   205 ||   323
Invok: Smiting           |       |     1 ||     1
       Convert to Beogh  |       |     1 ||     1
  Use: Potion            |       |     2 ||     2
 Stab: Sleeping          |     2 |       ||     2
Armor: Scale mail        |    49 |    23 ||    72
       Robe              |     2 |       ||     2
       Chain mail        |       |    95 ||    95
Dodge: Dodged            |    64 |    69 ||   133

Table legend: (Time is in decaauts)
 A = Elapsed time spent in this place.
 B = Non-inter-level travel time spent in this place.
 C = Inter-level travel time spent in this place.
 D = Time resting spent in this place.
 E = Time spent auto-exploring this place.
 F = Levels seen in this place.
 G = Mean time per level.
                   A        B        C        D        E       F      G
               +--------+--------+--------+--------+--------+-----+--------+
         Total |   4007 |   3665 |    342 |    911 |   1783 |   5 |  801.4 |
       Dungeon |   4007 |   3665 |    342 |    911 |   1783 |   5 |  801.4 |
               +--------+--------+--------+--------+--------+-----+--------+

Top non-repeatable levels by time:
     D:2: 1385 daAuts
     D:1: 1160 daAuts
     D:3: 789 daAuts
     D:4: 610 daAuts
     D:7: 61 daAuts
